| TOP OF THE 1ST |
|
Akron RubberDucks batting - Pitching for Arkansas Travelers : RHP John Palumbo
|
|
Pitching: RHP John Palumbo
|
|
|
Batting: RHB Justin Lauderdale
|
0-0: Called Strike 0-1: Foul Ball, location: 2F 0-2: Foul Ball, location: 2F 0-2: Ball 1-2: SINGLE (Line Drive, 6MD, EV 96.9 MPH)
|
|
Batting: LHB Nick Welling
|
0-0: Ball 1-0: Called Strike 1-1: Fielders Choice at 2nd, 1-6 (Groundball, 34S, EV 66.2 MPH)
|
|
Now at SS: Phil Knox
|
|
|
Batting: RHB Tristan Wright
|
0-0: Ball Nick Welling steals 2nd base (no throw) 1-0: Called Strike 1-1: Fly out, F9 (Flyball, 9, EV 89.4 MPH)
|
|
Batting: RHB Kaoru Toda
|
0-0: SINGLE (Line Drive, 56, EV 94.4 MPH) Nick Welling to third Runner from 3rd tries for Home, SAFE, throw by LF to home
|
|
Batting: LHB Esteban Cordova
|
0-0: Called Strike Kaoru Toda steals 2nd base 0-1: Swinging Strike 0-2: Ball 1-2: Ball 2-2: SINGLE (Flyball, 8RS, EV 93.1 MPH) Kaoru Toda to third Runner from 3rd tries for Home, SAFE, throw by CF to home
|
|
Batting: LHB Frank Hill
|
0-0: Ball 1-0: Called Strike 1-1: SINGLE (Flyball, 4D, EV 85.6 MPH) Esteban Cordova to second Runner from 2nd tries for 3rd, SAFE, throw by RF made to third
|
|
Batting: LHB Kazuyoshi Nakamura
|
0-0: Called Strike Frank Hill steals 2nd base 0-1: Fly out, F9 (Flyball, 9, EV 79.4 MPH)
|
| Top of the 1st over - 2 runs, 4 hits, 0 errors, 2 left on base; Akron 2 - Arkansas 0 |
| BOTTOM OF THE 1ST |
|
Arkansas Travelers batting - Pitching for Akron RubberDucks : RHP Chris DeVall
|
|
Pitching: RHP Chris DeVall
|
|
|
Batting: RHB Phil Knox
|
0-0: Foul Ball, location: 2F 0-1: Ball 1-1: SINGLE (Flyball, 4MD, EV 81.2 MPH)
|
|
Batting: LHB Griffin Ferris
|
0-0: Grounds into double play, 4-6-3 (Groundball, 4, EV 85.6 MPH)
|
|
Batting: RHB Juan Montez
|
0-0: SINGLE (Groundball, 25, EV 67.5 MPH) (infield hit)
|
|
Batting: LHB Mark Reeg
|
0-0: Ball 1-0: Ball 2-0: Ground out 4-3 (Groundball, 4, EV 99.4 MPH)
|
| Bottom of the 1st over - 0 runs, 2 hits, 0 errors, 1 left on base; Akron 2 - Arkansas 0 |
| TOP OF THE 2ND |
|
Akron RubberDucks batting - Pitching for Arkansas Travelers : RHP John Palumbo
|
|
Batting: SHB Javon Mitchell
|
0-0: Swinging Strike 0-1: Ball 1-1: Ball 2-1: Foul Ball, location: 2F 2-2: Ball 3-2: SINGLE (Groundball, 6M, EV 107.5 MPH) (infield hit)
|
|
Batting: RHB Jose Valtierra
|
0-0: Ball Javon Mitchell steals 2nd base 1-0: Ball 2-0: Ball Javon Mitchell steals 3rd base 3-0: Called Strike 3-1: Fly out, F8 (Flyball, 8LD, EV 90.6 MPH) Runner from 3rd tags up, OUT at HOME! 8-2
|
|
Batting: RHB Justin Lauderdale
|
0-0: Ball 1-0: Ball 2-0: Foul Ball, location: 2F 2-1: Swinging Strike 2-2: Ball 3-2: Base on Balls
|
|
Batting: LHB Nick Welling
|
0-0: Ball 1-0: Ball Justin Lauderdale steals 2nd base (no throw) 2-0: Called Strike 2-1: Foul Ball, location: 2F 2-2: Ground out U3 (Groundball, 3L, EV 87.5 MPH)
|
| Top of the 2nd over - 0 runs, 1 hit, 0 errors, 1 left on base; Akron 2 - Arkansas 0 |
| BOTTOM OF THE 2ND |
|
Arkansas Travelers batting - Pitching for Akron RubberDucks : RHP Chris DeVall
|
|
Batting: LHB Justin Balthazor
|
0-0: Ball 1-0: Called Strike 1-1: Foul Ball, location: 2F 1-2: Ground out U3 (Groundball, 34, EV 101.9 MPH)
|
|
Batting: RHB Danny Bjarnson
|
0-0: Called Strike 0-1: Swinging Strike 0-2: Ground out 6-3 (Groundball, 6MD, EV 106.2 MPH)
|
|
Batting: RHB Kinya Nishimura
|
0-0: Foul Ball, location: 2F 0-1: Called Strike 0-2: Ground out 6-3 (Groundball, 6M, EV 95.0 MPH)
|
| Bottom of the 2nd over - 0 runs, 0 hits, 0 errors, 0 left on base; Akron 2 - Arkansas 0 |
| TOP OF THE 3RD |
|
Akron RubberDucks batting - Pitching for Arkansas Travelers : RHP John Palumbo
|
|
Batting: RHB Tristan Wright
|
0-0: Ball 1-0: Foul Ball, location: 2F 1-1: Fly out, F8 (Flyball, 78M, EV 78.1 MPH)
|
|
Batting: RHB Kaoru Toda
|
0-0: Ground out 6-3 (Groundball, 6, EV 91.9 MPH)
|
|
Batting: LHB Esteban Cordova
|
0-0: Called Strike 0-1: Ball 1-1: Ball 2-1: Ball 3-1: Foul Ball, location: 2F 3-2: Strikes out swinging
|
| Top of the 3rd over - 0 runs, 0 hits, 0 errors, 0 left on base; Akron 2 - Arkansas 0 |
| BOTTOM OF THE 3RD |
|
Arkansas Travelers batting - Pitching for Akron RubberDucks : RHP Chris DeVall
|
|
Batting: LHB Barrfhionn O'Toole
|
0-0: Ball 1-0: Foul Ball, location: 2F 1-1: Foul Ball, location: 2F 1-2: Strikes out looking
|
|
Batting: LHB Larry Prey
|
0-0: Swinging Strike 0-1: Ball 1-1: Foul Ball, location: 2F 1-2: Fly out, F8 (Line Drive, 89M, EV 93.1 MPH)
|
|
Batting: RHB Phil Knox
|
0-0: Ball 1-0: Called Strike 1-1: Called Strike 1-2: Foul Ball, location: 2F 1-2: Ball 2-2: Ground out 5-3 (Groundball, 56, EV 80.6 MPH)
|
| Bottom of the 3rd over - 0 runs, 0 hits, 0 errors, 0 left on base; Akron 2 - Arkansas 0 |
| TOP OF THE 4TH |
|
Akron RubberDucks batting - Pitching for Arkansas Travelers : RHP John Palumbo
|
|
Batting: LHB Frank Hill
|
0-0: Called Strike 0-1: Ball 1-1: SINGLE (Groundball, 3D, EV 100.0 MPH)
|
|
Batting: LHB Kazuyoshi Nakamura
|
0-0: Ball Frank Hill steals 2nd, throwing error, E2 Frank Hill to third 1-0: Foul Ball, location: 2F 1-1: Ball 2-1: Ball 3-1: Called Strike 3-2: Strikes out swinging
|
|
Batting: SHB Javon Mitchell
|
0-0: Foul Ball, location: 2F 0-1: Foul Ball, location: 2F 0-2: Ball 1-2: Strikes out swinging
|
|
Batting: RHB Jose Valtierra
|
0-0: Foul Ball, location: 2F 0-1: Foul Ball, location: 2F 0-2: Fly out, F9 (Flyball, 9S, EV 88.8 MPH)
|
| Top of the 4th over - 0 runs, 1 hit, 1 error, 1 left on base; Akron 2 - Arkansas 0 |
| BOTTOM OF THE 4TH |
|
Arkansas Travelers batting - Pitching for Akron RubberDucks : RHP Chris DeVall
|
|
Batting: LHB Griffin Ferris
|
0-0: Called Strike 0-1: Ball 1-1: Ball 2-1: Ball 3-1: Foul Ball, location: 2F 3-2: Base on Balls
|
|
Batting: RHB Juan Montez
|
0-0: Called Strike 0-1: Grounds into double play, 4-6-3 (Groundball, 4, EV 75.6 MPH)
|
|
Batting: LHB Mark Reeg
|
0-0: Foul Ball, location: 2F 0-1: Ball 1-1: Ball 2-1: Ball 3-1: Fly out, F8 (Flyball, 8LD, EV 106.9 MPH)
|
| Bottom of the 4th over - 0 runs, 0 hits, 0 errors, 0 left on base; Akron 2 - Arkansas 0 |
| TOP OF THE 5TH |
|
Akron RubberDucks batting - Pitching for Arkansas Travelers : RHP John Palumbo
|
|
Batting: RHB Justin Lauderdale
|
0-0: Ball 1-0: Swinging Strike 1-1: Ball 2-1: Ground out U3 (Groundball, 34, EV 79.4 MPH)
|
|
Batting: LHB Nick Welling
|
0-0: Called Strike 0-1: Ball 1-1: Ground out 6-3 (Groundball, 6, EV 82.5 MPH)
|
|
Batting: RHB Tristan Wright
|
0-0: Called Strike 0-1: Ball 1-1: Ground out 6-3 (Groundball, 6, EV 87.5 MPH)
|
| Top of the 5th over - 0 runs, 0 hits, 0 errors, 0 left on base; Akron 2 - Arkansas 0 |
| BOTTOM OF THE 5TH |
|
Arkansas Travelers batting - Pitching for Akron RubberDucks : RHP Chris DeVall
|
|
Batting: LHB Justin Balthazor
|
0-0: Ball 1-0: Ground out 4-3 (Groundball, 4, EV 86.2 MPH)
|
|
Batting: RHB Danny Bjarnson
|
0-0: Ball 1-0: Called Strike 1-1: Called Strike 1-2: SINGLE (Groundball, P, EV 80.6 MPH) (infield hit)
|
|
Batting: RHB Kinya Nishimura
|
0-0: Ball 1-0: Fielders Choice at 2nd, 6-4 (Groundball, 6, EV 91.9 MPH)
|
|
Batting: LHB Barrfhionn O'Toole
|
0-0: Called Strike 0-1: Foul Ball, location: 2F 0-2: Foul Ball, location: 2F 0-2: Fly out, F5 (Popup, 5, EV 67.5 MPH)
|
| Bottom of the 5th over - 0 runs, 1 hit, 0 errors, 1 left on base; Akron 2 - Arkansas 0 |
| TOP OF THE 6TH |
|
Akron RubberDucks batting - Pitching for Arkansas Travelers : RHP John Palumbo
|
|
Batting: RHB Kaoru Toda
|
0-0: Foul Ball, location: 2F 0-1: Foul Ball, location: 2F 0-2: Fly out, F9 (Line Drive, 89M, EV 93.1 MPH)
|
|
Batting: LHB Esteban Cordova
|
0-0: Foul Ball, location: 2F 0-1: Ball 1-1: Ball 2-1: Fly out, F2 (Popup, 23F, EV 86.9 MPH)
|
|
Batting: LHB Frank Hill
|
0-0: Ball 1-0: Foul Ball, location: 2F 1-1: Foul Ball, location: 2F 1-2: Foul Ball, location: 2F 1-2: Fly out, F9 (Line Drive, 9LM, EV 85.6 MPH)
|
| Top of the 6th over - 0 runs, 0 hits, 0 errors, 0 left on base; Akron 2 - Arkansas 0 |
| BOTTOM OF THE 6TH |
|
Arkansas Travelers batting - Pitching for Akron RubberDucks : RHP Chris DeVall
|
|
Batting: LHB Larry Prey
|
0-0: Foul Ball, location: 2F 0-1: Ground out 5-3 (Groundball, 56, EV 84.4 MPH)
|
|
Batting: RHB Phil Knox
|
0-0: Called Strike 0-1: Ball 1-1: Foul Ball, location: 2F 1-2: Ball 2-2: Ball 3-2: Foul Ball, location: 2F 3-2: Fly out, F9 (Flyball, 9LSF, EV 91.2 MPH)
|
|
Batting: LHB Griffin Ferris
|
0-0: Called Strike 0-1: Foul Ball, location: 2F 0-2: Ball 1-2: Ball 2-2: Strikes out swinging
|
| Bottom of the 6th over - 0 runs, 0 hits, 0 errors, 0 left on base; Akron 2 - Arkansas 0 |
| TOP OF THE 7TH |
|
Akron RubberDucks batting - Pitching for Arkansas Travelers : RHP John Palumbo
|
|
Batting: LHB Kazuyoshi Nakamura
|
0-0: Called Strike 0-1: Foul Ball, location: 2F 0-2: Ball 1-2: Ball 2-2: Fly out, F9 (Flyball, 9LS, EV 82.5 MPH)
|
|
Batting: SHB Javon Mitchell
|
0-0: Ball 1-0: Foul Ball, location: 2F 1-1: Foul Ball, location: 2F 1-2: Strikes out swinging, 2-3 out at first.
|
|
Batting: RHB Jose Valtierra
|
0-0: Foul Ball, location: 2F 0-1: Ball 1-1: Foul Ball, location: 2F 1-2: Ball 2-2: Foul Ball, location: 2F 2-2: SINGLE (Groundball, 56D, EV 98.8 MPH)
|
|
Pitching: RHP Jake Bruen
|
|
|
Batting: RHB Justin Lauderdale
|
0-0: Ball 1-0: Fly out, F7 (Flyball, 7D, EV 97.5 MPH)
|
| Top of the 7th over - 0 runs, 1 hit, 0 errors, 1 left on base; Akron 2 - Arkansas 0 |
| BOTTOM OF THE 7TH |
|
Arkansas Travelers batting - Pitching for Akron RubberDucks : RHP Chris DeVall
|
|
Now in RF: Robby Dann
|
|
|
Batting: RHB Juan Montez
|
0-0: Called Strike 0-1: Ball 1-1: Fly out, F8 (Line Drive, 78S, EV 90.6 MPH)
|
|
Batting: LHB Mark Reeg
|
0-0: Ball 1-0: SOLO HOME RUN (Flyball, 9D, EV 99.4 MPH), Distance : 384 ft
|
|
Batting: LHB Justin Balthazor
|
0-0: Called Strike 0-1: Ball 1-1: Called Strike 1-2: Strikes out swinging
|
|
Batting: RHB Danny Bjarnson
|
0-0: Ball 1-0: Ground out 5-3 (Groundball, 25, EV 84.4 MPH)
|
| Bottom of the 7th over - 1 run, 1 hit, 0 errors, 0 left on base; Akron 2 - Arkansas 1 |
| TOP OF THE 8TH |
|
Akron RubberDucks batting - Pitching for Arkansas Travelers : RHP Jake Bruen
|
|
Batting: LHB Nick Welling
|
0-0: Ball 1-0: Ball 2-0: Foul Ball, location: 2F 2-1: SINGLE (Flyball, 78S, EV 88.8 MPH)
|
|
Batting: RHB Tristan Wright
|
0-0: Ball 1-0: 2-RUN HOME RUN (Flyball, 89XD, EV 99.4 MPH), Distance : 406 ft
|
|
Batting: RHB Kaoru Toda
|
0-0: Called Strike 0-1: Foul Ball, location: 2F 0-2: Foul Ball, location: 2F 0-2: Foul Ball, location: 2F 0-2: Ball 1-2: Ball 2-2: Ball 3-2: Base on Balls
|
|
Batting: LHB Esteban Cordova
|
0-0: Called Strike 0-1: Called Strike 0-2: Strikes out looking
|
|
Pitching: LHP Chris Fuller
|
|
|
Batting: LHB Robby Dann
|
0-0: Called Strike 0-1: Ball 1-1: Ball 2-1: Called Strike 2-2: Ball 3-2: Base on Balls Kaoru Toda to second
|
|
Batting: LHB Kazuyoshi Nakamura
|
0-0: Ball Kaoru Toda steals 3rd base Robby Dann to second 1-0: Called Strike 1-1: Called Strike 1-2: SINGLE (Flyball, 78S, EV 87.5 MPH) Kaoru Toda scores Robby Dann to third
|
|
Batting: SHB Javon Mitchell
|
0-0: Called Strike Kazuyoshi Nakamura steals 2nd base (no throw) 0-1: SINGLE (Groundball, 56, EV 110.6 MPH) Robby Dann scores Kazuyoshi Nakamura to third
|
|
Batting: RHB Jose Valtierra
|
0-0: Ball Javon Mitchell is caught stealing 2nd base 2-4 1-0: Ball Wild Pitch! Kazuyoshi Nakamura scores 2-0: Foul Ball, location: 2F 2-1: Foul Ball, location: 2F 2-2: Foul Ball, location: 2F 2-2: Ball 3-2: Foul Ball, location: 2F 3-2: Foul Ball, location: 2F 3-2: Base on Balls
|
|
Batting: RHB Justin Lauderdale
|
0-0: Ball 1-0: Foul Ball, location: 2F 1-1: Foul Ball, location: 2F 1-2: Foul Ball, location: 2F 1-2: Ball 2-2: Foul Ball, location: 2F 2-2: Ball 3-2: Foul Ball, location: 2F 3-2: Strikes out swinging
|
| Top of the 8th over - 5 runs, 4 hits, 0 errors, 1 left on base; Akron 7 - Arkansas 1 |
| BOTTOM OF THE 8TH |
|
Arkansas Travelers batting - Pitching for Akron RubberDucks : RHP Chris DeVall
|
|
Now in CF: Robby Dann
|
|
|
Now in RF: Chris Folse
|
|
|
Batting: RHB Kinya Nishimura
|
0-0: Ball 1-0: Ground out 6-3 (Groundball, 6M, EV 97.5 MPH)
|
|
Batting: LHB Barrfhionn O'Toole
|
0-0: Ground out 6-3 (Groundball, 6D, EV 100.0 MPH)
|
|
Batting: LHB Larry Prey
|
0-0: Ball 1-0: Ball 2-0: Called Strike 2-1: Foul Ball, location: 2F 2-2: Ground out 4-3 (Groundball, 34, EV 108.8 MPH)
|
| Bottom of the 8th over - 0 runs, 0 hits, 0 errors, 0 left on base; Akron 7 - Arkansas 1 |
| TOP OF THE 9TH |
|
Akron RubberDucks batting - Pitching for Arkansas Travelers : LHP Chris Fuller
|
|
Pitching: LHP Bryan Payne
|
|
|
Batting: RHB Chris Folse
|
0-0: Ball 1-0: Ball 2-0: Ball 3-0: Called Strike 3-1: Swinging Strike 3-2: Base on Balls
|
|
Batting: RHB Tristan Wright
|
0-0: Ball 1-0: Called Strike 1-1: Foul Ball, location: 2F 1-2: Strikes out looking
|
|
Batting: RHB Kaoru Toda
|
0-0: Called Strike Chris Folse is caught stealing 2nd base 2-4 0-1: Ball 1-1: Ball 2-1: Ball 3-1: Foul Ball, location: 2F 3-2: Ground out 5-3 (Groundball, 5L, EV 101.9 MPH)
|
| Top of the 9th over - 0 runs, 0 hits, 0 errors, 0 left on base; Akron 7 - Arkansas 1 |
| BOTTOM OF THE 9TH |
|
Arkansas Travelers batting - Pitching for Akron RubberDucks : RHP Chris DeVall
|
|
Now at 2B: Willie Gonzales
|
|
|
Now in CF: Jarrod Lindblad
|
|
|
Now in RF: Robby Dann
|
|
|
Batting: RHB Phil Knox
|
0-0: Called Strike 0-1: Ball 1-1: Foul Ball, location: 2F 1-2: SINGLE (Groundball, 6MD, EV 107.5 MPH)
|
|
Batting: LHB Griffin Ferris
|
0-0: Ball 1-0: Foul Ball, location: 2F 1-1: Ball 2-1: Ball 3-1: Swinging Strike 3-2: Foul Ball, location: 2F 3-2: Base on Balls Phil Knox to second
|
|
Pitching: RHP Dantae Elizondo
|
|
|
Batting: RHB Juan Montez
|
0-0: Fly out, F4 (Popup, 4D, EV 61.2 MPH)
|
|
Batting: LHB Mark Reeg
|
0-0: Called Strike 0-1: Swinging Strike 0-2: SINGLE (Groundball, 34D, EV 108.1 MPH) Phil Knox to third Griffin Ferris to second
|
|
Batting: LHB Justin Balthazor
|
0-0: Grounds into double play, 6-4-3 (Groundball, 6, EV 93.8 MPH)
|
| Bottom of the 9th over - 0 runs, 2 hits, 0 errors, 2 left on base; Akron 7 - Arkansas 1 |
|